 Dungeon Crawl Stone Soup version 0.32-a0-433-g08bcfe7efd (webtiles) character file.

Game seed: 17143507910470700543

147 Dittersdorf the Trooper (level 5, 0/33 HPs)
             Began as a Gargoyle Fighter on Feb 22, 2024.
             Slain by an iguana (6 damage)
             ... on level 3 of the Dungeon.
             The game lasted 00:01:37 (1612 turns).

Dittersdorf the Trooper (Gargoyle Fighter)          Turns: 1612, Time: 00:01:38

Health: 0/33       AC: 11    Str: 22    XL:     5   Next: 29%
Magic:  0/5        EV:  9    Int:  8    God:
Gold:   18         SH:  4    Dex:  9    Spells: 4/4 levels left

rFire   . . .        a - +0 flail
rCold   . . .        c - +0 buckler
rNeg    + . .        b - +0 scale mail
rPois   ∞            (no helmet)
rElec   +            (no cloak)
rCorr   +            (no gloves)
SInv    .            (no boots)
Will    .....        i - amulet of guardian spirit Stlth
                     e - ring of resist corrosion
HPRegen 0.25/turn    o - ring of flight
MPRegen 0.09/turn

%: guardian spirit
@: flying
A: sickness immunity, AC +4, negative energy resistance 1, electricity
resistance, torment resistance 1, petrification resistance
a: no special abilities


You were on level 3 of the Dungeon.
You visited 1 branch of the dungeon, and saw 3 of its levels.

You collected 18 gold pieces.

Inventory:

Hand Weapons
 a - a +0 flail (weapon)
Armour
 b - a +0 scale mail (worn)
 c - a +0 buckler (worn)
Jewellery
 e - a ring of resist corrosion (left hand)
 i - an amulet of guardian spirit (around neck)
 o - a ring of flight (right hand)
Scrolls
 g - 2 scrolls of teleportation {unknown}
 h - a scroll of fog {unknown}
 k - 4 scrolls of identify {unknown}
 m - 2 scrolls of poison {unknown}
 p - a scroll of blinking {unknown}
Potions
 d - 2 potions of might
 f - 2 potions of heal wounds {unknown}
 j - a potion of haste {unknown}
 l - a potion of curing {unknown}
 n - a potion of degeneration {unknown}


   Skills:
 + Level 4.2 Fighting
 + Level 3.2 Maces & Flails
 + Level 4.2 Armour
 + Level 4.2 Shields


You had 4 spell levels left.
You didn't know any spells.
Your spell library contained the following spells:

 Spells                   Type           Power      Damage    Failure   Level
 Tukima's Dance           Hex            0%         N/A       99%         3
 Passage of Golubria      Tloc           0%         N/A       100%        4
 Yara's Violent Unravell  Hex/Alch       0%         3d3       100%        5


Dungeon Overview and Level Annotations

Branches:
Dungeon (3/15)

Altars:
Cheibriados


Innate Abilities, Weirdness & Mutations

You are immune to sickness and miasma.
Your stone body is resilient. (AC +4)
You are immune to poison.
You resist negative energy. (rN+)
You are resistant to electric shocks. (rElec)
You are resistant to unholy torment.
You are immune to petrification.


Message History

The iguana is moderately wounded.
The iguana bites you! You block the iguana's attack.
You hit the iguana but do no damage.
The iguana is moderately wounded.
The iguana bites you but does no damage.
You barely miss the iguana.
The iguana is moderately wounded.
The iguana bites you but does no damage.
You barely miss the iguana.
The iguana is moderately wounded.
The iguana bites you!
You are too injured to fight recklessly!
You are too injured to fight recklessly!
You are too injured to fight recklessly!
You are too injured to fight recklessly!
You are too injured to fight recklessly!
You are too injured to fight recklessly!
You are too injured to fight recklessly!
You are too injured to fight recklessly!
You are too injured to fight recklessly!
You are too injured to fight recklessly!
You are too injured to fight recklessly!
You are too injured to fight recklessly!
You are too injured to fight recklessly!
You are too injured to fight recklessly!
You are too injured to fight recklessly!
You are too injured to fight recklessly!
You are too injured to fight recklessly!
You are too injured to fight recklessly!
You are too injured to fight recklessly!
You are too injured to fight recklessly!
You hit the iguana but do no damage.
The iguana is moderately wounded.
The iguana bites you.
* * * LOW HITPOINT WARNING * * *
The iguana barely misses you.
You closely miss the iguana.
The iguana is moderately wounded.
The iguana bites you.
You die...

...######.#.# #..(# .
#...........# ##.###
#...#######.....### #†.#
#....<..)...†...####.####
#########................
##..##.......###.
#..##.###...#...
#####..##.# ##o...#
#.l@...#..#####..##
#........#.(###.....#
#.##.......###..###o###
#....#...... #...#
#....#.#### #....
.....#.# ####. .......<#
#. .......# #. #.


You could see an iguana.

Vanquished Creatures
  2 orc priests
  4 adders
  A dart slug (D:2)
  An orc (D:3)
  7 ball pythons
  4 endoplasms
  2 giant cockroaches (D:3)
  4 hobgoblins
  4 jackals (D:3)
  7 kobolds
  A quokka (D:1)
  4 bats
  4 frilled lizards
  5 goblins
  2 rats
52 creatures vanquished.

Notes
Turn   | Place    | Note
-------+----------+-------------------------------------------
     0 | D:1      | Dittersdorf the Gargoyle Fighter began the quest for the
                  | Orb.
     0 | D:1      | Reached XP level 1. HP: 14/14 MP: 1/1
   180 | D:1      | Reached XP level 2. HP: 19/19 MP: 2/2
   190 | D:1      | Found a faded altar of an unknown god.
   599 | D:2      | Reached XP level 3. HP: 24/24 MP: 3/3
   599 | D:2      | Found a snail-covered altar of Cheibriados.
   939 | D:2      | Reached XP level 4. HP: 29/29 MP: 4/4
  1525 | D:2      | Reached XP level 5. HP: 30/33 MP: 3/5
  1612 | D:3      | Slain by an iguana

Illustrated notes

Levels and vault maps discovered:
D:1:      amcnicky_arrival_single_pillar, layout_basic,
          ebering_ecumenical_altar_rust
D:2:      layout_basic, basic_altar, serial_aquarium,
          aquarium_bridge_long_joined [aquarium_subvault_wall,
          aquarium_subvault_bridge, aquarium_subvault_wall,
          aquarium_subvault_wall, aquarium_subvault_wall,
          aquarium_subvault_bridge], aquarium_window_corridor_2,
          aquarium_window_fake, aquarium_window_fake, aquarium_window_fake,
          aquarium_view_2b, aquarium_view_2c, aquarium_balcony_1b,
          minmay_misc_feat_rows, kennysheep_big_empty_room
D:3:      layout_rooms, serial_shops, nicolae_shop_industrial_runoff

Skill      XL: |  1  2  3  4 |
---------------+-------------+-----
Fighting       | 4 |  4.2
Armour         | 4 |  4.2
Maces & Flails | 3 |  3.2
Shields        | 4 |  4.2

Action                     |  1- 3 |  4- 6 || total
---------------------------+-------+-------++-------
  Melee: Flail             |   120 |    68 ||   188
 Armour: Scale mail        |    94 |    67 ||   161
  Dodge: Dodged            |    62 |    43 ||   105
  Block: Buckler           |    31 |    20 ||    51

Table legend: (Time is in decaauts)
 A = Elapsed time spent in this place.
 B = Non-inter-level travel time spent in this place.
 C = Inter-level travel time spent in this place.
 D = Time resting spent in this place.
 E = Time spent auto-exploring this place.
 F = Levels seen in this place.
 G = Mean time per level.
                   A        B        C        D        E       F      G
               +--------+--------+--------+--------+--------+-----+--------+
         Total |   1671 |   1641 |     30 |    110 |   1094 |   3 |  557.0 |
       Dungeon |   1671 |   1641 |     30 |    110 |   1094 |   3 |  557.0 |
               +--------+--------+--------+--------+--------+-----+--------+

Top non-repeatable levels by time:
     D:2: 819 daAuts
     D:1: 597 daAuts
     D:3: 254 daAuts
